 Dungeon Crawl Stone Soup version 0.27.1-33-g824d729ab1 (webtiles) character file.

Game seed: 17708890387476196522

228 unlimited1921 the Firebug (level 5, -1/41 HPs)
             Began as a Demigod Fire Elementalist on Nov 26, 2021.
             Slain by ystael's ghost (3 damage)
             ... on level 3 of the Dungeon.
             The game lasted 00:14:49 (7471 turns).

unlimited1921 the Firebug (DgFE)                    Turns: 7471, Time: 00:14:50

Health: -1/41      AC:  5    Str:  9    XL:     5   Next: 42%
Magic:  10/20      EV: 12    Int: 21    God:
Gold:   151        SH:  0    Dex: 14    Spells: 8/9 levels left

rFire    . . .     SeeInvis .   c - +0 short sword
rCold    . . .     Faith    .   (no shield)
rNeg     . . .     Spirit   .   a - +0 robe
rPois    .         Reflect  .   (no helmet)
rElec    .         Harm     .   (no cloak)
rCorr    .         Rampage  .   g - +2 pair of gloves
Will     .....                  (no boots)
Stlth    ++........             (no amulet)
HPRegen  0.13/turn              n - ring of magical power
MPRegen  0.17/turn              (no ring)

@: no status effects
A: high mp 1, forlorn
a: no special abilities


You were on level 3 of the Dungeon.
You visited 1 branch of the dungeon, and saw 3 of its levels.

You collected 151 gold pieces.

Inventory:

Hand Weapons
 b - a +0 dagger
 c - a +0 short sword (weapon)
 h - a +0 whip
Missiles
 e - 12 bolts
Armour
 a - a +0 robe (worn)
 g - a +2 pair of gloves (worn)
Jewellery
 n - a ring of magical power (left hand)
Wands
 i - a wand of flame (13) (quivered)
Scrolls
 d - a scroll of immolation {unknown}
 k - a scroll of teleportation {unknown}
 l - a scroll of fog {unknown}
 m - 2 scrolls of amnesia {unknown}
 p - a scroll of enchant armour {unknown}
Potions
 f - 2 potions of attraction {unknown}
 j - a potion of flight {unknown}
 o - a potion of might {unknown}
 q - a potion of ambrosia {unknown}


   Skills:
 * Level 1.9 Fighting
 + Level 0.1 Short Blades
 * Level 2.2 Dodging
 + Level 2.7 Stealth
 + Level 2.5 Spellcasting
 - Level 1.9 Conjurations
 + Level 3.9 Fire Magic


You had 8 spell levels left.
You knew the following spells:

 Your Spells              Type           Power      Damage    Failure   Level
a - Foxfire               Conj/Fire      56%        2x1d6     4%          1

Your spell library contained the following spells:

 Spells                   Type           Power      Damage    Failure   Level
 Conjure Flame            Conj/Fire      14%        6-21      13%         3
 Sting                    Tmut/Pois      8%         1d3       14%         1
 Inner Flame              Hex/Fire       10%        N/A       19%         3
 Poisonous Vapours        Pois/Air       4%         N/A       22%         2
 Sticky Flame             Conj/Fire      14%        2d4       38%         4
 Fireball                 Conj/Fire      7%         3d5       75%         5
 Olgreb's Toxic Radiance  Pois           2%         N/A       80%         4


Dungeon Overview and Level Annotations

Branches:
Dungeon (3/15)

Shops:
D:2 [   D:3 (

Annotations:
D:3 ystael's ghost, amateur MiFi


Innate Abilities, Weirdness & Mutations

Your attributes grow dramatically as you level up.
You have an increased reservoir of magic. (+10% MP)
You shall have no god before yourself.


Message History

* * * LOW HITPOINT WARNING * * *
The centaur zombie hits you.
* * * LOW HITPOINT WARNING * * *
The centaur zombie kicks you but does no damage.
Casting: Foxfire (safe; 4% risk of failure)
Confirm with . or Enter, or press ? or * to list all spells.
You conjure some foxfire!
The centaur zombie barely misses you.
The centaur zombie kicks you but does no damage.
The foxfire hits the centaur zombie.
The centaur zombie is severely damaged.
The foxfire hits the centaur zombie.
The centaur zombie is almost destroyed.
The centaur zombie barely misses you. The centaur zombie closely misses you.
Casting: Foxfire (safe; 4% risk of failure)
Confirm with . or Enter, or press ? or * to list all spells.
You conjure some foxfire!
The centaur zombie hits you but does no damage.
The centaur zombie barely misses you.
The foxfire hits ystael's ghost but does no damage.
Ystael's ghost is lightly damaged.
The foxfire hits ystael's ghost but does no damage.
Ystael's ghost is lightly damaged.
Casting: Foxfire (safe; 4% risk of failure)
Confirm with . or Enter, or press ? or * to list all spells.
You conjure some foxfire!
The centaur zombie barely misses you. x2
Ystael's ghost closely misses you.
The centaur zombie hits you but does no damage.
The centaur zombie closely misses you.
The foxfire hits the centaur zombie.
The centaur zombie is almost destroyed.
The foxfire hits the centaur zombie.
You destroy the centaur zombie!
The killer bee zombie hits you.
* * * LOW HITPOINT WARNING * * *
Casting: Foxfire (safe; 4% risk of failure)
Confirm with . or Enter, or press ? or * to list all spells.
You conjure some foxfire!
The killer bee zombie hits you.
* * * LOW HITPOINT WARNING * * *
Ystael's ghost hits you.
You die...

.<.....#.########........##.....#
....##...# ##............#.#.....
....###..###.............###.....
##....#..##..##..........##.....#
#####.#.....#####..#.##..'.......
#....######..........##.....#
##.......##..###.##..###.....
#####..........v§.##.##..#.#.....
#.....###......v@W.#.##.###.....#
..##### #.......#Z.......#.#.....
### ####.......#........##......
#...........................
#.##.......................#
##.##...(..................#. ##
#..####.####..............#.#
.####.## ##.####.............#.##
.##...## #....##............#.###


You could see ystael's ghost (ally target) and a killer bee zombie.

Vanquished Creatures
  A centaur zombie (D:3)
  Natasha (thrice) (D:2)
  3 gnolls (D:2)
  4 adders
  A worm (D:2)
  4 endoplasms
  2 giant cockroaches
  7 goblins
  6 hobgoblins
  6 kobolds
  4 quokkas
  4 ball pythons
  2 bats
  4 frilled lizards
  3 rats
54 creatures vanquished.

Vanquished Creatures (others)
  225 foxfires
225 creatures vanquished.

Grand Total: 279 creatures vanquished

Notes
Turn   | Place    | Note
-------+----------+-------------------------------------------
     0 | D:1      | unlimited1921 the Demigod Fire Elementalist began the quest
                  | for the Orb.
     0 | D:1      | Reached XP level 1. HP: 14/14 MP: 5/5
    82 | D:1      | Reached skill level 3 in Fire Magic
   620 | D:1      | Reached XP level 2. HP: 20/20 MP: 2/7
  1803 | D:1      | Reached skill level 1 in Conjurations
  2681 | D:2      | Reached XP level 3. HP: 27/27 MP: 3/8
  2994 | D:2      | Reached skill level 1 in Fighting
  3534 | D:2      | Noticed Natasha
  3539 | D:2      | Killed Natasha
  3540 | D:2      | Reached XP level 4. HP: 35/35 MP: 3/9
  3577 | D:2      | Noticed Natasha
  3581 | D:2      | Killed Natasha
  3792 | D:2      | Noticed Natasha
  3796 | D:2      | Killed Natasha
  3962 | D:2      | Found Lanavoh's Antique Armour Emporium.
  5459 | D:2      | Reached XP level 5. HP: 40/40 MP: 11/11
  6687 | D:3      | Found a runed translucent gate.
  6688 | D:3      | Found a runed translucent gate.
  6708 | D:3      | Found a runed translucent gate.
  6710 | D:3      | Noticed ystael's ghost (amateur MiFi)
  7198 | D:3      | Found Orym Muo's Antique Weapon Shop.
  7471 | D:3      | HP: 2/41 [killer bee zombie (2)]
  7471 | D:3      | Slain by ystael's ghost

Illustrated notes

Levels and vault maps discovered:
D:1:      erik_arrival_triangle_small, layout_basic,
          ebering_ecumenical_altar_abandoned
D:2:      layout_loops_ring, serial_shops, shop, uniq_natasha
D:3:      wad_pebble_path, layout_rooms, gammafunk_ghost_necromancy,
          serial_shops, shop_statue, serial_park_tiny_pond

Skill      XL: |  1  2  3  4 |
---------------+-------------+-----
Fire Magic     | 3 |  3.9
Conjurations   | 1 |  1.9
Stealth        | 2 |  2.7
Fighting       | 1 |  1.9
Spellcasting   | 2 |  2.5
Dodging        | 2 |  2.2
Short Blades   | |  0.1

Action                   |  1- 3 |  4- 6 || total
-------------------------+-------+-------++-------
Melee: Short sword       |    11 |     7 ||    18
 Cast: Foxfire           |    69 |    68 ||   137
Armor: Robe              |     2 |    19 ||    21
Dodge: Dodged            |    14 |    36 ||    50
